 Dungeon Crawl Stone Soup version 0.31-a0-845-g9abc20d24f (webtiles) character file.

Game seed: 169945429435296940

3184 BinkBink the Destroyer (level 9, -3/51 HPs)
             Began as an Octopode Conjurer on Oct 3, 2023.
             Was an Initiate of Vehumet.
             Slain by a raiju (8 damage)
             ... on level 8 of the Dungeon.
             The game lasted 00:25:59 (11057 turns).

BinkBink the Destroyer (Octopode Conjurer)         Turns: 11057, Time: 00:25:59

Health: -3/51      AC:  5    Str:  7    XL:     9   Next: 95%
Magic:  4/18       EV: 13    Int: 24    God:    Vehumet [......]
Gold:   436        SH:  5    Dex: 10    Spells: 10/20 levels left

rFire   . . .        d - +3 whip (venom)
rCold   + + .        (no shield)
rNeg    . . .        (helmet restricted)
rPois   +            t - amulet of reflection
rElec   .            b - ring of flight
rCorr   +            j - ring of protection from cold
SInv    .            m - ring of poison resistance
Will    .....        q - ring of resist corrosion
Stlth   +++          s - ring of ice
HPRegen 0.28/turn    u - ring of protection from fire
MPRegen 0.16/turn    z - +4 ring of protection
                     (no ring)

%: reflection
@: flying
A: almost no armour, amphibious, 8 rings, camouflage 1, gelatinous body 1,
(nimble swimmer 1), tentacles
a: Renounce Religion


You were on level 8 of the Dungeon.
You worshipped Vehumet.
Vehumet was noncommittal.
You visited 2 branches of the dungeon, and saw 9 of its levels.

You collected 436 gold pieces.

Inventory:

Hand Weapons
 d - a +3 whip of venom (weapon)
Armour
 B - an orb of energy
Magical Staves
 y - a staff of air
 A - a staff of conjuration
Jewellery
 b - a ring of flight (left tentacle)
 j - a ring of protection from cold (right tentacle)
 m - a ring of poison resistance (on tentacle)
 q - a ring of resist corrosion (on tentacle)
 s - a ring of ice (on tentacle)
 t - an amulet of reflection (around mantle)
 u - a ring of protection from fire (on tentacle)
 z - a +4 ring of protection (on tentacle)
Wands
 r - a wand of light (10)
 w - a wand of roots (10)
Scrolls
 c - a scroll of vulnerability {unknown}
 f - a scroll of fog {unknown}
 h - a scroll of teleportation
 l - a scroll of acquirement {unknown}
 n - a scroll of poison {unknown}
 p - a scroll of amnesia
 v - 2 scrolls of silence
 F - a scroll of torment {unknown}
 G - a scroll of butterflies {unknown}
 I - 4 scrolls of immolation {unknown}
Potions
 a - a potion of magic
 g - 2 potions of brilliance {unknown}
 i - a potion of haste {unknown}
 k - 3 potions of curing {unknown}
 o - 2 potions of berserk rage {unknown}
 x - 3 potions of might {unknown}
 C - a potion of lignification {unknown}
 D - a potion of resistance {unknown}
 E - 3 potions of invisibility {unknown}
 H - a potion of ambrosia {unknown}


   Skills:
 - Level 0.1 Maces & Flails
 - Level 2.0 Dodging
 - Level 3.4 Stealth
 + Level 6.0 Spellcasting
 * Level 9.8 Conjurations
 + Level 5.9 Translocations
 + Level 5.1 Fire Magic


You had 10 spell levels left.
You knew the following spells:

 Your Spells              Type           Power      Damage    Failure   Level
a - Magic Dart            Conj           100%       1d8       1%          1
b - Blink                 Tloc           70%        N/A       1%          2
c - Fireball              Conj/Fire      21%        3d10      11%         5
d - Searing Ray           Conj           100%       2d8       1%          2

Your spell library contained the following spells:

 Spells                   Type           Power      Damage    Failure   Level
 Kiss of Death            Conj/Necr      100%       2d13      1%          1
 Lesser Beckoning         Tloc           70%        N/A       1%          2
 Momentum Strike          Conj/Tloc      90%        3d10      1%          2
 Dazzling Flash           Conj/Hex       60%        N/A       3%          3
 Iskenderun's Mystic Bla  Conj/Tloc      45%        2d10      3%          4
 Summon Small Mammal      Summ           28%        N/A       8%          1
 Fulminant Prism          Conj/Hex       15%        3d10      11%         4
 Cause Fear               Hex            3%         N/A       61%         4
 Dragon's Call            Summ           3%         N/A       100%        9


Dungeon Overview and Level Annotations

Branches:
Dungeon (8/15)             Temple (1/1) D:4
   Lair: D:8-11

Altars:
Ashenzari
Cheibriados
Dithmenos
Elyvilon
Gozag
Hepliaklqana
Kikubaaqudgha
Makhleb
Nemelex Xobeh
Okawaru
Qazlal
Ru
Sif Muna
Trog
Vehumet
Wu Jian
Xom
Zin
The Shining One

Shops:
D:3 [   D:5 *   D:6 [


Innate Abilities, Weirdness & Mutations

You cannot wear most types of armour.
You are amphibious.
You can wear up to eight rings at the same time.
Your skin changes colour to match your surroundings (Stealth+).
Your rubbery body absorbs attacks. (AC +1, EV +1)
((You are camouflaged when in or above water. (Stealth+)))
You have tentacles for arms and can constrict up to eight enemies at once.


Message History

The searing ray misses the raiju.
The raiju closely misses you.
The searing ray hits the raiju.
The raiju is heavily wounded.
You finish channelling your searing ray.
The raiju bursts into living lightning!
The living lightning misses you.
The raiju blinks!
Casting: Searing Ray (safe; 1% risk of failure)
Confirm with . or Enter, or press ? or * to list all spells.
You can't see any susceptible monsters within range! (Use Z to cast anyway.)
The magic dart hits the raiju!
The raiju is severely wounded.
Casting: Magic Dart (safe; 1% risk of failure)
Confirm with . or Enter, or press ? or * to list all spells.
Aiming: Magic Dart (safe; 1% risk of failure)
Press: ? - help, Shift-Dir - straight line, f/p - raiju
Aim: a raiju (severely wounded, 100% to hit)
The magic dart hits the raiju.
The raiju is severely wounded.
The raiju bursts into living lightning!
The living lightning hits you.
The raiju blinks!
The raiju misses you. The raiju misses you.
The magic dart hits the raiju.
The raiju is severely wounded.
The raiju bursts into living lightning!
The living lightning misses you.
The raiju blinks!
The magic dart hits the raiju.
The raiju is almost dead.
The magic dart hits the raiju but does no damage.
The raiju is almost dead.
The magic dart hits the raiju.
The raiju is almost dead.
The raiju bursts into living lightning!
The living lightning hits you!!
* * * LOW HITPOINT WARNING * * *
The raiju blinks!
The raiju bites you.
* * * LOW HITPOINT WARNING * * *
The raiju shocks you!
You die...

.........##############....(..
#####.....................<...
#....#########....#.......
#....# #####....###....#
#....# #........##......
#....# #.#########.≈≈≈≈≈
###### #.# #.≈..). ## ##.#
#.≈.### ###≈≈##@.# #.≈.#..
#~§≈...h## #.≈.#.≈ ~~~.....##
#.≈.#.≈ ~.......# #.≈.#.≈
.....~### #.≈.#.≈ ...~~≈
#..#.≈. .~~≈## #..#.≈. ≈≈##
#..#.≈. ## #..#.≈.


You could see a raiju.

Vanquished Creatures
  Pikel (D:5)
  Jeremiah (D:7)
  2 wyverns (D:8)
  A steam dragon (D:7)
  4 water moccasins
  A black bear (D:7)
  An ogre (D:5)
  2 centaurs
  2 lemures
  Blork the orc (D:4)
  2 bullfrogs
  4 scorpions
  3 wights
  A killer bee (D:7)
  2 electric eels (D:8)
  A howler monkey (D:4)
  A jelly (D:7)
  A hound (D:7)
  2 orc priests (D:6)
  A gnoll bouda (D:6)
  Ijyb (D:4)
  An iguana (D:6)
  6 orc wizards
  12 gnolls
  2 adders
  A shadow imp (D:7)
  2 white imps (D:7)
  An ufetubus (D:4)
  A worm (D:2)
  2 dart slugs
  13 orcs
  4 ball pythons
  12 endoplasms
  16 giant cockroaches
  6 goblins
  6 hobgoblins
  11 kobolds
  4 quokkas
  4 bats
  6 frilled lizards
  9 rats
154 creatures vanquished.

Notes
Turn   | Place    | Note
-------+----------+-------------------------------------------
     0 | D:1      | BinkBink the Octopode Conjurer began the quest for the Orb.
     0 | D:1      | Reached XP level 1. HP: 11/11 MP: 3/3
   262 | D:1      | Reached XP level 2. HP: 17/17 MP: 0/5
   808 | D:1      | Reached XP level 3. HP: 21/21 MP: 4/6
  1164 | D:1      | You are sucked into a shaft and drop 1 floor!
  1165 | D:2      | Found a shadowy altar of Dithmenos.
  1199 | D:2      | Learned a level 2 spell: Blink
  1638 | D:2      | Reached XP level 4. HP: 25/27 MP: 0/7
  2630 | D:1      | Found a faded altar of an unknown god.
  3053 | D:3      | Reached skill level 1 in Translocations
  3086 | D:3      | Reached skill level 5 in Conjurations
  3207 | D:3      | Found Nilofixa's Armour Boutique.
  3527 | D:4      | Noticed Blork the orc
  3543 | D:4      | Killed Blork the orc
  3544 | D:4      | Reached XP level 5. HP: 9/31 MP: 2/9
  3977 | D:4      | Reached XP level 6. HP: 36/36 MP: 4/10
  4080 | D:4      | Found a staircase to the Ecumenical Temple.
  4135 | Temple   | Entered the Ecumenical Temple
  4140 | Temple   | Became a worshipper of Vehumet
  4342 | D:5      | Entered Level 5 of the Dungeon
  4365 | D:5      | Reached skill level 6 in Conjurations
  5041 | D:5      | Noticed Ijyb
  5041 | D:5      | Noticed a water moccasin
  5094 | D:4      | Learned a level 5 spell: Fireball
  5124 | D:5      | Found a shimmering blue altar of Sif Muna.
  5331 | D:5      | Noticed Pikel
  5507 | D:4      | Killed Ijyb
  5703 | D:5      | Reached skill level 1 in Fire Magic
  5703 | D:5      | Reached XP level 7. HP: 41/41 MP: 5/12
  5896 | D:5      | Found Guryon Ithra's Assorted Antiques.
  6127 | D:5      | Killed Pikel
  6128 | D:5      | Reached skill level 7 in Conjurations
  6128 | D:5      | Reached XP level 8. HP: 43/46 MP: 8/14
  6372 | D:5      | Got an exquisite book
  6881 | D:6      | Found Giduil's Armour Shop.
  8039 | D:6      | Reached skill level 8 in Conjurations
  8405 | D:7      | Reached skill level 5 in Spellcasting
  8539 | D:6      | Reached XP level 9. HP: 50/51 MP: 5/16
  8736 | D:7      | Learned a level 2 spell: Searing Ray
  8836 | D:7      | Reached skill level 5 in Translocations
  9318 | D:7      | Noticed Jeremiah
  9339 | D:7      | Killed Jeremiah
  9340 | D:7      | Reached skill level 9 in Conjurations
 10192 | D:8      | Found a burning altar of Makhleb.
 10430 | D:8      | Reached skill level 5 in Fire Magic
 10606 | D:8      | Reached * piety under Vehumet
 10606 | D:8      | Offered knowledge of Kiss of Death by Vehumet.
 10691 | D:8      | Found a shimmering altar of Xom.
 10883 | D:8      | Found a bloodstained altar of Trog.
 11057 | D:8      | Slain by a raiju

Illustrated notes

Levels and vault maps discovered:
D:1:      ncdulo_smallfort, layout_basic, shapermc_ecumenical_altar_mp_vishouse
D:2:      minmay_roachtagon, layout_basic, basic_altar
D:3:      layout_basic, serial_shops, shop
D:4:      layout_basic, minmay_temple_entry_sparse_star, uniq_blork_the_orc
D:5:      layout_basic, led_sif_book, serial_shops, nicolae_diamond_shop,
          minmay_misc_feat_alley, moated_statue, uniq_ijyb, uniq_pikel
D:6:      layout_basic, serial_shops,
          nicolae_shop_temple_entry_statues_fountains, minmay_holes
D:7:      layout_loops_ring, reono_crystal_passage, kennysheep_flooded_box,
          st_stairs_11, uniq_jeremiah
D:8:      layout_basic, mainiacjoe_overflow_two_lobes,
          mainiacjoe_overflow_concentric_impassable, nicolae_overflow_squiral,
          nicolae_have_a_lightning_rod
Temple:   minmay_freezing_vapour_temple

Skill      XL: |  1  2  3  4  5  6  7  8  9 |
---------------+----------------------------+-----
Stealth        | 3 |  3.4
Translocations | 1 2 3 4 5 |  5.9
Conjurations   | 5 6 7 8 9 |  9.8
Spellcasting   | 3 4 5 6 |  6.0
Fire Magic     | 1 2 3 5 |  5.1
Maces & Flails | |  0.1
Dodging        | |  2.0

Action                     |  1- 3 |  4- 6 |  7- 9 || total
---------------------------+-------+-------+-------++-------
  Melee: Whip              |     6 |    11 |    36 ||    53
         Constrict         |     2 |     4 |     5 ||    11
         Tentacles         |     1 |     4 |    10 ||    15
   Cast: Magic Dart        |    86 |   166 |   250 ||   502
         Blink             |       |     2 |     2 ||     4
         Searing Ray       |       |       |    15 ||    15
    Use: Scroll            |       |     3 |     5 ||     8
         Potion            |       |     1 |     2 ||     3
 Armour: Skin              |    13 |    20 |    85 ||   118
  Dodge: Dodged            |    24 |    22 |    65 ||   111
  Block: Other             |       |       |    20 ||    20
         Reflection        |       |       |     3 ||     3

Table legend: (Time is in decaauts)
 A = Elapsed time spent in this place.
 B = Non-inter-level travel time spent in this place.
 C = Inter-level travel time spent in this place.
 D = Time resting spent in this place.
 E = Time spent auto-exploring this place.
 F = Levels seen in this place.
 G = Mean time per level.
                   A        B        C        D        E       F      G
               +--------+--------+--------+--------+--------+-----+--------+
         Total |  11063 |  10566 |    497 |    339 |   8672 |   9 | 1229.2 |
       Dungeon |  11052 |  10563 |    489 |    339 |   8672 |   8 | 1381.5 |
        Temple |     10 |      2 |      8 |      0 |      0 |   1 |   10.0 |
               +--------+--------+--------+--------+--------+-----+--------+

Top non-repeatable levels by time:
     D:6: 1762 daAuts
     D:7: 1745 daAuts
     D:1: 1503 daAuts
     D:5: 1441 daAuts
     D:2: 1426 daAuts
     D:4: 1246 daAuts
     D:3: 1024 daAuts
     D:8: 903 daAuts
  Temple: 10 daAuts
